[ AOE2 MATCH · #468702382 ]
Team RMSlavs vs Magyars
[ REPLAY ANALYSIS · EXTRACTED FROM THE RECORDED GAME ]
Feudal
14:06
Castle
23:10
Imperial
36:35
| APM avg | 29.9 |
| APM peak | 66 |
| eAPM avg | 14.4 |
| Villagers / military | 174 / 347 |
Focus
⚔️ 36.2% · 🌾 63.8%
Spearman ×153 · Scout Cavalry ×114 · Knight ×59 · Boyar ×15 · Trade Cart ×13 · Monk ×3
Feudal
11:33
Castle
24:33
Imperial
36:58
| APM avg | 16.6 |
| APM peak | 46 |
| eAPM avg | 10.6 |
| Villagers / military | 58 / 178 |
Focus
⚔️ 51.9% · 🌾 48.1%
Archer ×68 · Knight ×43 · Tarkan ×28 · Spearman ×20 · Fire Galley ×10 · Fishing Ship ×9
Feudal
14:56
Castle
27:20
Imperial
42:45
| APM avg | 21.7 |
| APM peak | 61 |
| eAPM avg | 10.8 |
| Villagers / military | 73 / 131 |
Focus
⚔️ 38.0% · 🌾 62.0%
Jaguar Warrior ×54 · Genitour ×42 · Archer ×26 · Trade Cart ×11 · Militia ×5 · Spearman ×4
Feudal
11:14
Castle
24:42
Imperial
37:31
| APM avg | 19.6 |
| APM peak | 60 |
| eAPM avg | 10.9 |
| Villagers / military | 149 / 90 |
Focus
⚔️ 27.3% · 🌾 72.7%
Camel Scout ×61 · Trade Cart ×32 · Fire Galley ×27 · Fishing Ship ×5 · Galley ×2
Feudal
13:54
Castle
26:51
Imperial
39:45
| APM avg | 16.5 |
| APM peak | 33 |
| eAPM avg | 11.8 |
| Villagers / military | 86 / 211 |
Focus
⚔️ 50.8% · 🌾 49.2%
Monaspa ×103 · Scout Cavalry ×41 · Spearman ×21 · Fire Galley ×18 · Skirmisher ×12 · Fishing Ship ×11
Feudal
10:37
Castle
23:48
Imperial
34:42
| APM avg | 13.4 |
| APM peak | 45 |
| eAPM avg | 10.8 |
| Villagers / military | 114 / 138 |
Focus
⚔️ 36.0% · 🌾 64.0%
Magyar Huszar ×116 · Militia ×8 · Trebuchet (Packed) ×7 · Trade Cart ×2 · Monk ×2 · Mangonel ×2
Match map
Initial resources + every placement click. Lines = walls · curves = elevation contours. ◆ gold · ⬟ stone · ● berries · ✦ relic · ◌ wall gap
Your base· ✓ Map-separated
Vault Siddy's base· ✓ Map-separated
xFabio's base· ✓ Map-separated
Fenrir's base· ✓ Map-separated
timbery.racing1's base· ✓ Map-separated
mixu's base· ✓ Map-separated
Smoothed initial terrain · ◌ = detected wall gap · hover for details
Inputs per minute
— Carpinchito Matero - - Vault Siddy
Build order — Carpinchito Matero
First 150 of 505 actions detected
| 0:00 | Create | Villager (Male) ×4 |
| 0:00 | Create | Villager (Male) ×4 |
| 0:01 | Create | Villager (Male) ×4 |
| 0:03 | Build | House |
| 0:04 | Build | House |
| 1:29 | Create | Villager (Male) |
| 1:47 | Build | Lumber Camp |
| 2:08 | Create | Villager (Male) |
| 2:09 | Create | Villager (Male) |
| 2:20 | Create | Villager (Male) |
| 2:41 | Research | Loom |
| 2:51 | Create | Villager (Male) |
| 2:51 | Create | Villager (Male) |
| 3:11 | Create | Villager (Male) |
| 3:11 | Create | Villager (Male) |
| 4:11 | Build | House |
| 4:31 | Create | Villager (Male) |
| 4:32 | Create | Villager (Male) |
| 4:32 | Create | Villager (Male) |
| 5:26 | Create | Villager (Male) |
| 5:26 | Create | Villager (Male) |
| 5:31 | Build | Mill |
| 5:45 | Create | Villager (Male) |
| 5:54 | Build | House |
| 6:07 | Create | Villager (Male) |
| 6:17 | Create | Villager (Male) |
| 6:42 | Create | Villager (Male) |
| 6:51 | Create | Villager (Male) |
| 6:52 | Create | Villager (Male) |
| 8:24 | Create | Villager (Male) |
| 8:46 | Create | Villager (Male) |
| 9:11 | Create | Villager (Male) |
| 9:12 | Create | Villager (Male) |
| 9:19 | Build | Palisade Wall |
| 9:43 | Create | Villager (Male) |
| 9:50 | Build | House |
| 9:58 | Build | House |
| 10:02 | Build | Palisade Wall |
| 10:17 | Build | Lumber Camp |
| 10:41 | Create | Villager (Male) |
| 10:41 | Create | Villager (Male) |
| 10:42 | Create | Villager (Male) |
| 10:57 | Build | House |
| 10:59 | Build | House |
| 11:00 | Build | House |
| 11:13 | Build | Palisade Wall |
| 11:17 | Research | Feudal Age |
| 11:30 | Create | Villager (Male) |
| 11:45 | Build | Barracks |
| 11:51 | Build | Palisade Wall |
| 11:57 | Build | House |
| 11:58 | Build | House |
| 12:00 | Build | House |
| 12:30 | Build | Mining Camp |
| 12:48 | Build | Palisade Wall |
| 12:55 | Build | House |
| 12:55 | Build | House |
| 14:06 | Age | Feudal Age |
| 14:07 | Build | Palisade Wall |
| 14:10 | Create | Villager (Male) |
| 14:15 | Build | Blacksmith |
| 14:29 | Build | Stable |
| 14:39 | Research | Double-Bit Axe |
| 14:41 | Research | Horse Collar |
| 14:43 | Build | Farm |
| 14:45 | Build | Farm |
| 14:46 | Create | Villager (Male) |
| 14:55 | Build | Farm |
| 15:16 | Create | Villager (Male) |
| 15:17 | Create | Villager (Male) |
| 15:20 | Build | Farm |
| 15:34 | Build | Farm |
| 15:34 | Build | Farm |
| 15:34 | Build | Farm |
| 15:35 | Build | Farm |
| 15:44 | Build | Farm |
| 15:49 | Build | Farm |
| 15:49 | Build | Farm |
| 15:50 | Build | Farm |
| 15:54 | Build | Farm |
| 15:54 | Build | Farm |
| 16:11 | Build | Farm |
| 16:16 | Create | Villager (Male) |
| 16:17 | Create | Villager (Male) |
| 16:25 | Create | Villager (Male) |
| 16:53 | Build | Market |
| 17:05 | Create | Villager (Male) |
| 17:10 | Build | Farm |
| 17:20 | Build | Stone Wall |
| 17:25 | Create | Villager (Male) |
| 17:29 | Create | Villager (Male) |
| 17:42 | Build | Farm |
| 17:52 | Create | Villager (Male) |
| 17:53 | Create | Villager (Male) |
| 17:54 | Research | Wheelbarrow |
| 18:09 | Build | Stone Wall |
| 18:17 | Build | Farm |
| 18:34 | Build | Farm |
| 18:58 | Build | Farm |
| 19:29 | Research | Bloodlines |
| 19:44 | Build | Farm |
| 20:18 | Build | Dock |
| 20:30 | Research | Castle Age |
| 20:49 | Build | Mining Camp |
| 21:01 | Create | Villager (Male) |
| 21:01 | Create | Villager (Male) |
| 22:42 | Build | Farm |
| 22:43 | Build | Farm |
| 22:50 | Build | Lumber Camp |
| 23:03 | Create | Fishing Ship |
| 23:03 | Create | Fishing Ship |
| 23:09 | Create | Unit 2626 |
| 23:09 | Create | Unit 2626 |
| 23:10 | Age | Castle Age |
| 23:21 | Create | Villager (Male) |
| 23:30 | Build | Town Center |
| 23:41 | Research | Bow Saw |
| 23:43 | Create | Villager (Male) |
| 23:59 | Create | Villager (Male) |
| 24:05 | Research | Husbandry |
| 24:11 | Research | Scale Barding Armor |
| 24:12 | Create | Villager (Male) |
| 25:20 | Build | Mining Camp |
| 25:25 | Create | Villager (Male) |
| 25:25 | Create | Villager (Male) |
| 25:44 | Create | Villager (Male) ×5 |
| 25:59 | Research | Heavy Plow |
| 26:26 | Create | Villager (Male) |
| 26:27 | Research | Town Watch |
| 26:28 | Create | Villager (Male) ×5 |
| 26:44 | Create | Villager (Male) |
| 26:54 | Create | Villager (Male) |
| 26:58 | Create | Villager (Male) |
| 26:59 | Create | Villager (Male) |
| 27:25 | Research | Gold Mining |
| 27:42 | Build | Castle |
| 27:47 | Build | Mining Camp |
| 27:49 | Create | Villager (Male) |
| 27:49 | Create | Villager (Male) |
| 27:56 | Build | House |
| 28:02 | Research | Hand Cart |
| 28:04 | Create | Villager (Male) |
| 28:05 | Create | Villager (Male) ×5 |
| 28:14 | Research | Stone Mining |
| 28:26 | Create | Knight |
| 28:29 | Create | Knight |
| 28:30 | Create | Knight |
| 28:54 | Create | Villager (Male) |
| 28:57 | Build | Farm |
| 29:00 | Research | Chain Barding Armor |
Build order — Vault Siddy
First 150 of 275 actions detected
| 0:09 | Create | Villager (Male) ×4 |
| 0:09 | Create | Villager (Male) |
| 1:59 | Create | Villager (Male) |
| 1:59 | Create | Villager (Male) |
| 2:43 | Create | Villager (Male) |
| 2:43 | Create | Villager (Male) |
| 3:30 | Create | Villager (Male) |
| 3:49 | Create | Villager (Male) ×2 |
| 3:49 | Create | Villager (Male) |
| 4:05 | Build | Lumber Camp |
| 4:19 | Research | Loom |
| 4:20 | Create | Villager (Male) ×2 |
| 4:21 | Create | Villager (Male) |
| 4:51 | Create | Villager (Male) |
| 5:27 | Create | Villager (Male) |
| 5:37 | Build | Mill |
| 9:23 | Research | Feudal Age |
| 9:36 | Create | Villager (Male) |
| 10:55 | Create | Villager (Male) |
| 10:55 | Create | Villager (Male) |
| 10:55 | Create | Villager (Male) |
| 11:15 | Build | Barracks |
| 11:33 | Age | Feudal Age |
| 11:46 | Build | Stone Wall |
| 11:55 | Build | Stone Wall |
| 12:03 | Build | Stone Wall |
| 12:07 | Build | Stone Wall |
| 12:24 | Build | Gate |
| 12:37 | Build | Stone Wall |
| 12:43 | Create | Villager (Male) |
| 12:48 | Build | Mining Camp |
| 13:05 | Build | Market |
| 13:16 | Build | Blacksmith |
| 13:19 | Research | Double-Bit Axe |
| 13:21 | Research | Horse Collar |
| 13:24 | Create | Villager (Male) |
| 13:25 | Research | Town Watch |
| 13:47 | Build | Mining Camp |
| 14:41 | Create | Villager (Male) |
| 14:42 | Create | Villager (Male) |
| 14:59 | Build | Stable |
| 15:43 | Build | Dock |
| 16:28 | Create | Fishing Ship |
| 16:28 | Create | Fishing Ship |
| 16:28 | Create | Fishing Ship |
| 17:09 | Create | Villager (Male) |
| 17:09 | Create | Villager (Male) |
| 17:09 | Create | Villager (Male) |
| 17:20 | Create | Fishing Ship |
| 17:20 | Create | Fishing Ship |
| 17:22 | Research | Tech 906 |
| 17:42 | Build | Farm |
| 17:54 | Build | Farm |
| 18:04 | Create | Fire Galley |
| 18:05 | Create | Fire Galley |
| 18:20 | Build | Farm |
| 18:46 | Build | Farm |
| 18:54 | Build | Archery Range |
| 19:13 | Build | Watch Tower |
| 19:26 | Build | Watch Tower |
| 19:35 | Create | Fishing Ship |
| 19:36 | Create | Fishing Ship |
| 20:25 | Build | Farm |
| 20:27 | Build | Farm |
| 20:35 | Build | Farm |
| 20:40 | Build | Farm |
| 20:43 | Build | Farm |
| 21:02 | Build | Farm |
| 21:11 | Create | Fishing Ship |
| 21:29 | Create | Archer |
| 21:30 | Create | Archer |
| 21:30 | Create | Archer |
| 21:30 | Create | Archer |
| 21:31 | Create | Archer |
| 21:54 | Research | Castle Age |
| 22:01 | Create | Trade Cart |
| 22:02 | Create | Trade Cart |
| 22:10 | Build | Lumber Camp |
| 22:36 | Research | Gold Mining |
| 22:37 | Research | Stone Mining |
| 22:42 | Create | Archer |
| 22:42 | Create | Archer |
| 22:42 | Create | Archer |
| 22:43 | Create | Archer |
| 23:13 | Research | Fletching |
| 23:27 | Create | Fishing Ship |
| 24:27 | Research | Wheelbarrow |
| 24:33 | Age | Castle Age |
| 24:49 | Create | Fire Galley |
| 24:49 | Create | Fire Galley |
| 24:49 | Create | Fire Galley |
| 25:14 | Create | Villager (Male) |
| 25:14 | Create | Villager (Male) |
| 25:15 | Create | Villager (Male) |
| 25:37 | Build | Dock |
| 25:43 | Build | Dock |
| 25:53 | Research | Bodkin Arrow |
| 26:02 | Create | Villager (Male) ×4 |
| 26:02 | Create | Villager (Male) |
| 26:07 | Research | Heavy Plow |
| 26:34 | Create | Unit 2626 |
| 27:03 | Build | Farm |
| 27:12 | Build | Farm |
| 27:31 | Research | Padded Archer Armor |
| 27:39 | Build | Farm |
| 27:46 | Research | War Galley (upgrade) |
| 27:49 | Create | Fire Galley |
| 28:18 | Build | Mining Camp |
| 28:43 | Create | Fire Galley |
| 28:43 | Create | Fire Galley |
| 29:13 | Create | Fire Galley |
| 29:31 | Create | Fire Galley |
| 29:33 | Create | Unit 2626 |
| 29:38 | Create | Villager (Male) |
| 29:38 | Create | Villager (Male) |
| 29:38 | Create | Villager (Male) |
| 29:38 | Create | Villager (Male) |
| 29:39 | Create | Villager (Male) |
| 29:39 | Create | Villager (Male) |
| 30:19 | Create | Unit 2626 |
| 30:20 | Create | Unit 2626 |
| 30:21 | Create | Galley |
| 31:32 | Build | Castle |
| 31:42 | Build | Stable |
| 32:20 | Build | Monastery |
| 32:33 | Build | Lumber Camp |
| 32:49 | Build | University |
| 32:57 | Create | Monk |
| 33:48 | Research | Imperial Age |
| 33:54 | Research | Bow Saw |
| 34:09 | Create | Tarkan ×2 |
| 34:33 | Create | Tarkan |
| 34:33 | Create | Tarkan |
| 34:33 | Create | Tarkan |
| 34:45 | Research | Forging |
| 35:09 | Build | Town Center |
| 35:18 | Research | Masonry |
| 36:00 | Create | Villager (Male) |
| 36:00 | Create | Villager (Male) |
| 36:14 | Build | Fish Trap |
| 36:18 | Build | Fish Trap |
| 36:28 | Build | Fish Trap |
| 36:43 | Create | Tarkan |
| 36:43 | Create | Tarkan |
| 36:47 | Research | Scale Barding Armor |
| 36:54 | Research | Crossbowman (upgrade) |
| 36:55 | Create | Archer |
| 36:55 | Create | Archer |
| 36:56 | Create | Archer |
| 36:56 | Create | Archer |
Build order — xFabio
First 150 of 331 actions detected
| 0:05 | Build | House |
| 0:09 | Build | House |
| 0:35 | Create | Villager (Male) |
| 0:35 | Create | Villager (Male) |
| 0:35 | Create | Villager (Male) |
| 0:36 | Research | Loom |
| 0:38 | Create | Villager (Male) |
| 0:38 | Create | Villager (Male) |
| 1:43 | Build | Lumber Camp |
| 2:09 | Create | Villager (Male) |
| 2:09 | Create | Villager (Male) |
| 2:55 | Create | Villager (Male) |
| 2:56 | Create | Villager (Male) |
| 3:41 | Create | Villager (Male) |
| 3:41 | Create | Villager (Male) |
| 3:42 | Create | Villager (Male) |
| 3:55 | Build | Mill |
| 4:43 | Create | Villager (Male) |
| 4:43 | Create | Villager (Male) |
| 4:43 | Create | Villager (Male) |
| 6:11 | Build | Palisade Wall |
| 6:42 | Create | Villager (Male) |
| 6:42 | Create | Villager (Male) |
| 6:42 | Create | Villager (Male) |
| 6:42 | Create | Villager (Male) |
| 7:47 | Build | House |
| 7:51 | Build | House |
| 8:21 | Build | House |
| 8:24 | Build | House |
| 8:48 | Build | Outpost |
| 9:08 | Build | Farm |
| 9:35 | Build | Barracks |
| 9:44 | Create | Villager (Male) |
| 9:44 | Create | Villager (Male) |
| 10:27 | Build | Farm |
| 10:40 | Build | Farm |
| 10:45 | Build | Farm |
| 10:56 | Build | Farm |
| 11:16 | Create | Militia |
| 11:16 | Create | Militia |
| 11:16 | Create | Militia |
| 11:16 | Create | Militia |
| 11:16 | Create | Militia |
| 11:38 | Build | Farm |
| 12:46 | Research | Feudal Age |
| 13:18 | Build | Farm |
| 13:22 | Build | Farm |
| 13:27 | Build | Farm |
| 14:11 | Build | Barracks |
| 14:22 | Build | Palisade Wall |
| 14:45 | Create | Villager (Male) |
| 14:45 | Create | Villager (Male) |
| 14:45 | Create | Villager (Male) |
| 14:46 | Create | Villager (Male) |
| 14:46 | Create | Villager (Male) |
| 14:46 | Create | Villager (Male) |
| 14:56 | Age | Feudal Age |
| 15:54 | Build | Blacksmith |
| 16:01 | Create | Villager (Male) |
| 16:01 | Create | Villager (Male) |
| 16:01 | Create | Villager (Male) |
| 16:03 | Create | Villager (Male) |
| 16:13 | Build | Archery Range |
| 16:34 | Build | Mining Camp |
| 16:41 | Research | Scale Mail Armor |
| 16:47 | Research | Padded Archer Armor |
| 17:00 | Build | Farm |
| 17:17 | Build | House |
| 17:20 | Build | House |
| 17:59 | Build | Farm |
| 18:26 | Create | Villager (Male) |
| 19:36 | Build | House |
| 19:39 | Build | House |
| 20:30 | Create | Villager (Male) |
| 20:30 | Create | Villager (Male) |
| 20:31 | Create | Villager (Male) |
| 20:31 | Create | Villager (Male) |
| 20:31 | Create | Villager (Male) |
| 20:31 | Create | Villager (Male) |
| 20:32 | Create | Villager (Male) |
| 20:32 | Create | Villager (Male) |
| 20:32 | Create | Villager (Male) |
| 20:32 | Create | Villager (Male) |
| 20:46 | Build | Market |
| 21:35 | Build | Archery Range |
| 21:48 | Create | Trade Cart |
| 22:09 | Build | Farm |
| 22:28 | Build | Watch Tower |
| 23:04 | Create | Archer |
| 23:05 | Create | Archer |
| 23:05 | Create | Archer |
| 23:05 | Create | Archer |
| 23:05 | Create | Archer |
| 23:05 | Create | Archer |
| 23:06 | Create | Archer |
| 23:33 | Build | Farm |
| 24:15 | Research | Castle Age |
| 24:18 | Research | Castle Age |
| 24:59 | Build | Dock |
| 25:13 | Build | House |
| 25:17 | Build | House |
| 25:20 | Build | House |
| 25:23 | Build | House |
| 25:26 | Build | House |
| 25:32 | Create | Villager (Male) |
| 25:32 | Create | Villager (Male) |
| 26:02 | Build | Archery Range |
| 26:06 | Create | Fishing Ship |
| 26:06 | Create | Fishing Ship |
| 26:23 | Create | Fishing Ship |
| 26:44 | Build | House |
| 27:07 | Create | Trade Cart |
| 27:07 | Create | Trade Cart |
| 27:18 | Build | Farm |
| 27:20 | Age | Castle Age |
| 27:40 | Build | Mining Camp |
| 27:45 | Create | Villager (Male) |
| 27:45 | Create | Villager (Male) |
| 27:54 | Build | Farm |
| 28:03 | Create | Villager (Male) |
| 28:03 | Create | Villager (Male) |
| 28:04 | Create | Villager (Male) |
| 28:04 | Create | Villager (Male) |
| 28:04 | Create | Villager (Male) |
| 28:05 | Create | Villager (Male) |
| 28:05 | Create | Villager (Male) |
| 28:05 | Create | Villager (Male) |
| 28:17 | Build | Lumber Camp |
| 28:34 | Build | Siege Workshop |
| 28:45 | Research | Crossbowman (upgrade) |
| 29:33 | Build | Lumber Camp |
| 30:25 | Create | Genitour |
| 30:26 | Create | Genitour |
| 30:26 | Create | Genitour |
| 30:26 | Create | Genitour |
| 30:26 | Create | Genitour |
| 30:26 | Create | Genitour |
| 30:27 | Create | Genitour |
| 30:27 | Create | Genitour |
| 30:27 | Create | Genitour |
| 30:33 | Create | Genitour |
| 30:33 | Create | Genitour |
| 30:33 | Create | Genitour |
| 30:33 | Create | Genitour |
| 30:38 | Create | Genitour |
| 30:38 | Create | Genitour |
| 30:38 | Create | Genitour |
| 31:38 | Build | Castle |
| 32:51 | Build | Castle |
| 33:02 | Create | Villager (Male) |
Build order — Fenrir
First 150 of 386 actions detected
| 0:05 | Create | Villager (Male) |
| 0:05 | Create | Villager (Male) |
| 0:05 | Create | Villager (Male) |
| 0:06 | Create | Villager (Male) |
| 0:06 | Create | Villager (Male) |
| 0:08 | Build | House |
| 0:10 | Build | House |
| 1:46 | Create | Villager (Male) |
| 1:46 | Create | Villager (Male) |
| 2:23 | Build | Lumber Camp |
| 2:33 | Create | Villager (Male) |
| 2:34 | Create | Villager (Male) |
| 3:06 | Create | Villager (Male) |
| 3:06 | Create | Villager (Male) |
| 3:07 | Create | Villager (Male) |
| 3:41 | Create | Villager (Male) |
| 3:42 | Create | Villager (Male) |
| 3:42 | Create | Villager (Male) |
| 4:01 | Build | House |
| 4:04 | Build | House |
| 4:05 | Build | House |
| 4:22 | Create | Villager (Male) |
| 4:22 | Create | Villager (Male) |
| 4:22 | Create | Villager (Male) |
| 4:40 | Create | Villager (Male) |
| 4:41 | Create | Villager (Male) |
| 5:22 | Create | Villager (Male) |
| 5:22 | Create | Villager (Male) |
| 5:45 | Create | Villager (Male) |
| 6:14 | Build | Mill |
| 6:17 | Create | Villager (Male) |
| 6:17 | Create | Villager (Male) |
| 6:17 | Create | Villager (Male) |
| 6:20 | Create | Villager (Male) |
| 7:31 | Create | Villager (Male) |
| 7:31 | Create | Villager (Male) |
| 7:31 | Create | Villager (Male) |
| 7:32 | Create | Villager (Male) |
| 7:34 | Create | Villager (Male) |
| 8:28 | Create | Villager (Male) |
| 9:04 | Research | Feudal Age |
| 9:05 | Create | Villager (Male) |
| 9:05 | Create | Villager (Male) |
| 9:06 | Create | Villager (Male) |
| 11:02 | Build | Dock |
| 11:08 | Create | Villager (Male) |
| 11:08 | Create | Villager (Male) |
| 11:08 | Create | Villager (Male) |
| 11:08 | Create | Villager (Male) |
| 11:09 | Create | Villager (Male) |
| 11:09 | Create | Villager (Male) |
| 11:09 | Create | Villager (Male) |
| 11:14 | Age | Feudal Age |
| 11:31 | Research | Double-Bit Axe |
| 11:34 | Create | Villager (Male) |
| 11:35 | Create | Villager (Male) |
| 11:35 | Create | Villager (Male) |
| 11:45 | Build | Lumber Camp |
| 11:51 | Create | Fishing Ship |
| 11:55 | Create | Fishing Ship |
| 11:56 | Create | Fishing Ship |
| 11:56 | Create | Fishing Ship |
| 11:58 | Create | Fishing Ship |
| 12:59 | Create | Villager (Male) |
| 13:00 | Create | Villager (Male) |
| 13:07 | Build | Farm |
| 13:09 | Build | Farm |
| 13:11 | Build | Farm |
| 13:13 | Build | Farm |
| 13:14 | Build | Farm |
| 13:27 | Build | House |
| 13:29 | Build | House |
| 13:31 | Build | House |
| 13:32 | Build | House |
| 13:34 | Build | House |
| 14:32 | Build | Mining Camp |
| 14:53 | Create | Villager (Male) |
| 14:53 | Create | Villager (Male) |
| 14:53 | Create | Villager (Male) |
| 14:53 | Create | Villager (Male) |
| 14:53 | Create | Villager (Male) |
| 15:00 | Create | Galley |
| 15:01 | Create | Galley |
| 15:18 | Build | Farm |
| 15:22 | Build | Farm |
| 15:26 | Build | Farm |
| 15:44 | Build | Farm |
| 15:50 | Build | Farm |
| 15:55 | Build | Farm |
| 16:21 | Build | Farm |
| 16:26 | Build | Farm |
| 16:38 | Build | House |
| 16:40 | Build | House |
| 16:42 | Build | House |
| 16:46 | Build | House |
| 16:54 | Create | Villager (Male) |
| 16:55 | Create | Villager (Male) |
| 16:55 | Create | Villager (Male) |
| 16:55 | Create | Villager (Male) |
| 16:55 | Create | Villager (Male) |
| 17:43 | Build | Farm |
| 17:49 | Build | Farm |
| 17:55 | Build | Farm |
| 18:26 | Build | Blacksmith |
| 18:31 | Build | Market |
| 18:47 | Create | Fire Galley |
| 18:48 | Create | Fire Galley |
| 18:49 | Create | Fire Galley |
| 18:50 | Create | Fire Galley |
| 19:16 | Research | Gold Mining |
| 19:19 | Create | Villager (Male) |
| 19:19 | Create | Villager (Male) |
| 19:19 | Create | Villager (Male) |
| 19:28 | Build | House |
| 20:14 | Create | Trade Cart |
| 20:15 | Create | Trade Cart |
| 20:15 | Create | Trade Cart |
| 20:16 | Create | Trade Cart |
| 20:53 | Create | Fire Galley |
| 21:38 | Build | Mining Camp |
| 21:46 | Research | Castle Age |
| 21:49 | Create | Villager (Male) |
| 21:49 | Create | Villager (Male) |
| 21:50 | Create | Villager (Male) |
| 21:50 | Create | Villager (Male) |
| 21:50 | Create | Villager (Male) |
| 23:30 | Build | Dock |
| 24:42 | Age | Castle Age |
| 24:59 | Create | Fire Galley |
| 24:59 | Create | Fire Galley |
| 25:00 | Create | Fire Galley |
| 25:17 | Create | Villager (Male) |
| 25:17 | Create | Villager (Male) |
| 25:17 | Create | Villager (Male) |
| 25:17 | Create | Villager (Male) |
| 25:39 | Build | Barracks |
| 25:47 | Create | Fire Galley |
| 25:48 | Create | Fire Galley |
| 25:48 | Create | Fire Galley |
| 25:48 | Create | Fire Galley |
| 25:50 | Create | Fire Galley |
| 25:50 | Create | Fire Galley |
| 25:50 | Create | Fire Galley |
| 26:41 | Create | Villager (Male) |
| 26:41 | Create | Villager (Male) |
| 26:41 | Create | Villager (Male) |
| 26:41 | Create | Villager (Male) |
| 27:01 | Build | Town Center |
| 27:23 | Build | Mining Camp |
| 27:32 | Build | Stable |
Build order — timbery.racing1
First 150 of 441 actions detected
| 0:11 | Research | Loom |
| 0:11 | Create | Villager (Male) |
| 0:12 | Create | Villager (Male) |
| 0:12 | Create | Villager (Male) |
| 0:12 | Create | Villager (Male) |
| 0:13 | Create | Villager (Male) |
| 0:21 | Build | House |
| 0:22 | Build | House |
| 0:23 | Build | House |
| 0:24 | Build | House |
| 2:07 | Create | Villager (Male) |
| 2:07 | Create | Villager (Male) |
| 2:43 | Create | Villager (Male) |
| 2:43 | Create | Villager (Male) |
| 2:51 | Create | Villager (Male) |
| 2:51 | Create | Villager (Male) |
| 3:07 | Create | Villager (Male) |
| 3:07 | Create | Villager (Male) |
| 4:14 | Create | Villager (Male) |
| 4:14 | Create | Villager (Male) |
| 4:15 | Create | Villager (Male) |
| 4:15 | Create | Villager (Male) |
| 4:36 | Create | Villager (Male) |
| 4:36 | Create | Villager (Male) |
| 4:36 | Create | Villager (Male) |
| 4:46 | Build | Mill |
| 4:58 | Create | Villager (Male) |
| 4:58 | Create | Villager (Male) |
| 5:32 | Create | Villager (Male) |
| 5:32 | Create | Villager (Male) |
| 5:32 | Create | Villager (Male) |
| 5:59 | Create | Villager (Male) |
| 6:00 | Create | Villager (Male) |
| 6:59 | Create | Villager (Male) |
| 6:59 | Create | Villager (Male) |
| 7:22 | Create | Villager (Male) |
| 7:22 | Create | Villager (Male) |
| 7:23 | Create | Villager (Male) |
| 7:23 | Create | Villager (Male) |
| 8:12 | Build | House |
| 8:25 | Create | Villager (Male) |
| 8:26 | Create | Villager (Male) |
| 8:26 | Create | Villager (Male) |
| 9:41 | Build | Mule Cart |
| 10:34 | Create | Villager (Male) |
| 11:13 | Research | Feudal Age |
| 11:46 | Build | House |
| 11:48 | Build | House |
| 12:13 | Build | Palisade Wall |
| 12:24 | Build | Palisade Gate |
| 12:31 | Build | Palisade Wall |
| 13:01 | Build | House |
| 13:54 | Age | Feudal Age |
| 14:11 | Research | Wheelbarrow |
| 14:19 | Research | Double-Bit Axe |
| 14:24 | Create | Villager (Male) |
| 14:24 | Create | Villager (Male) |
| 14:49 | Build | Barracks |
| 15:14 | Build | Dock |
| 15:29 | Build | Archery Range |
| 15:38 | Create | Villager (Male) |
| 16:00 | Build | Stable |
| 16:16 | Create | Villager (Male) |
| 16:16 | Create | Villager (Male) |
| 16:16 | Create | Villager (Male) |
| 16:25 | Create | Fishing Ship |
| 16:25 | Create | Fishing Ship |
| 16:38 | Create | Skirmisher |
| 16:39 | Create | Skirmisher |
| 16:39 | Create | Skirmisher |
| 16:59 | Research | Horse Collar |
| 17:02 | Create | Villager (Male) |
| 17:32 | Build | House |
| 17:34 | Build | House |
| 17:35 | Build | House |
| 17:40 | Create | Skirmisher |
| 17:40 | Create | Skirmisher |
| 17:56 | Create | Villager (Male) |
| 18:04 | Build | Farm |
| 18:23 | Create | Skirmisher |
| 18:33 | Create | Fire Galley |
| 18:56 | Build | Farm |
| 19:01 | Build | Farm |
| 19:05 | Build | Farm |
| 19:11 | Build | Farm |
| 19:16 | Build | Farm |
| 19:26 | Create | Scout Cavalry |
| 19:29 | Create | Skirmisher |
| 19:29 | Create | Skirmisher |
| 19:36 | Build | Farm |
| 19:39 | Create | Villager (Male) |
| 19:40 | Create | Villager (Male) |
| 19:48 | Build | Farm |
| 19:53 | Build | Farm |
| 19:59 | Build | Farm |
| 20:07 | Build | Market |
| 20:11 | Build | Blacksmith |
| 20:40 | Create | Fire Galley |
| 20:51 | Create | Fishing Ship |
| 20:51 | Create | Fishing Ship |
| 21:02 | Create | Villager (Male) |
| 21:02 | Create | Villager (Male) |
| 21:09 | Build | Farm |
| 21:14 | Build | Farm |
| 21:21 | Build | Farm |
| 21:23 | Create | Villager (Male) |
| 21:49 | Build | Farm |
| 21:59 | Create | Villager (Male) |
| 22:07 | Build | Farm |
| 22:15 | Build | House |
| 22:16 | Build | House |
| 22:17 | Build | House |
| 22:18 | Build | House |
| 22:19 | Build | House |
| 22:31 | Build | Farm |
| 22:36 | Create | Villager (Male) |
| 22:40 | Create | Fishing Ship |
| 22:44 | Create | Fishing Ship |
| 22:53 | Build | Dock |
| 23:08 | Create | Villager (Male) |
| 23:20 | Create | Villager (Male) |
| 23:34 | Research | Tech 906 |
| 23:46 | Build | Mule Cart |
| 24:11 | Research | Castle Age |
| 24:34 | Build | Stone Wall |
| 25:09 | Build | Stone Wall |
| 25:24 | Research | Gold Mining |
| 25:28 | Research | Stone Mining |
| 25:34 | Research | Forging |
| 25:37 | Research | Bloodlines |
| 25:45 | Create | Spearman |
| 25:45 | Create | Spearman |
| 25:46 | Create | Spearman |
| 25:46 | Create | Spearman |
| 25:58 | Research | Arson |
| 26:25 | Create | Fishing Ship |
| 26:25 | Create | Fishing Ship |
| 26:37 | Build | Stone Wall |
| 26:50 | Build | Stone Wall |
| 26:51 | Age | Castle Age |
| 26:59 | Research | Hand Cart |
| 27:09 | Build | Town Center |
| 27:17 | Create | Villager (Male) |
| 27:17 | Create | Villager (Male) |
| 27:36 | Build | Gate |
| 27:46 | Create | Villager (Male) |
| 28:07 | Create | Fishing Ship |
| 28:13 | Create | Fire Galley |
| 28:13 | Create | Fire Galley |
| 28:26 | Build | Stone Wall |
Build order — mixu
First 150 of 361 actions detected
| 0:03 | Create | Villager (Male) |
| 0:03 | Create | Villager (Male) |
| 0:03 | Create | Villager (Male) |
| 0:03 | Create | Villager (Male) |
| 0:07 | Build | House |
| 1:47 | Create | Villager (Male) |
| 1:48 | Create | Villager (Male) |
| 2:19 | Build | House |
| 2:34 | Create | Villager (Male) |
| 2:35 | Create | Villager (Male) |
| 3:09 | Build | Mill |
| 3:16 | Create | Villager (Male) |
| 3:16 | Create | Villager (Male) |
| 3:16 | Create | Villager (Male) |
| 3:48 | Create | Villager (Male) |
| 3:48 | Create | Villager (Male) |
| 4:05 | Build | House |
| 4:29 | Create | Villager (Male) |
| 4:29 | Create | Villager (Male) |
| 4:29 | Create | Villager (Male) |
| 4:29 | Create | Villager (Male) |
| 4:51 | Create | Villager (Male) |
| 4:51 | Create | Villager (Male) |
| 4:51 | Create | Villager (Male) |
| 5:02 | Research | Loom |
| 6:08 | Build | Lumber Camp |
| 6:10 | Create | Villager (Male) |
| 6:12 | Create | Villager (Male) |
| 6:56 | Create | Villager (Male) |
| 6:56 | Create | Villager (Male) |
| 7:15 | Build | Palisade Wall |
| 8:27 | Research | Feudal Age |
| 9:09 | Build | Palisade Wall |
| 9:23 | Build | House |
| 10:22 | Build | Farm |
| 10:26 | Build | Farm |
| 10:37 | Age | Feudal Age |
| 10:46 | Build | Farm |
| 10:50 | Create | Villager (Male) |
| 10:50 | Create | Villager (Male) |
| 10:50 | Create | Villager (Male) |
| 10:51 | Create | Villager (Male) |
| 10:51 | Create | Villager (Male) |
| 10:51 | Create | Villager (Male) |
| 11:13 | Research | Double-Bit Axe |
| 11:16 | Research | Horse Collar |
| 11:26 | Build | Farm |
| 12:10 | Create | Villager (Male) |
| 12:10 | Create | Villager (Male) |
| 12:21 | Build | House |
| 13:05 | Build | Blacksmith |
| 13:13 | Build | Farm |
| 13:20 | Build | House |
| 13:21 | Build | House |
| 13:32 | Build | Mining Camp |
| 13:34 | Create | Villager (Male) |
| 13:34 | Create | Villager (Male) |
| 13:34 | Create | Villager (Male) |
| 13:42 | Build | Farm |
| 13:47 | Build | Farm |
| 14:15 | Build | Barracks |
| 14:22 | Build | Farm |
| 14:32 | Research | Town Watch |
| 14:50 | Build | Farm |
| 15:11 | Research | Scale Mail Armor |
| 15:15 | Research | Man-at-Arms (upgrade) |
| 15:19 | Create | Militia |
| 15:20 | Create | Militia |
| 15:20 | Create | Militia |
| 15:30 | Create | Villager (Male) |
| 15:30 | Create | Villager (Male) |
| 15:30 | Create | Villager (Male) |
| 16:00 | Create | Militia |
| 16:00 | Create | Militia |
| 16:00 | Create | Militia |
| 16:08 | Build | Farm |
| 16:26 | Create | Militia |
| 16:26 | Create | Militia |
| 16:45 | Build | Market |
| 16:51 | Create | Villager (Male) |
| 16:52 | Create | Villager (Male) |
| 16:52 | Create | Villager (Male) |
| 16:52 | Create | Villager (Male) |
| 17:21 | Build | Farm |
| 17:55 | Build | Farm |
| 18:09 | Create | Villager (Male) |
| 18:10 | Create | Villager (Male) |
| 18:10 | Create | Villager (Male) |
| 18:31 | Build | House |
| 18:53 | Build | House |
| 18:55 | Create | Villager (Male) |
| 18:56 | Create | Villager (Male) |
| 18:56 | Create | Villager (Male) |
| 18:56 | Create | Villager (Male) |
| 18:56 | Create | Villager (Male) |
| 19:11 | Build | Farm |
| 19:20 | Build | Mining Camp |
| 19:43 | Build | Farm |
| 20:14 | Build | Farm |
| 21:08 | Research | Castle Age |
| 21:42 | Build | Lumber Camp |
| 21:52 | Create | Trade Cart |
| 21:52 | Create | Trade Cart |
| 22:39 | Create | Villager (Male) |
| 22:39 | Create | Villager (Male) |
| 22:39 | Create | Villager (Male) |
| 22:40 | Create | Villager (Male) |
| 22:40 | Create | Villager (Male) |
| 22:40 | Create | Villager (Male) |
| 22:41 | Create | Villager (Male) |
| 23:48 | Age | Castle Age |
| 23:52 | Research | Heavy Plow |
| 23:56 | Research | Bow Saw |
| 24:08 | Build | Castle |
| 24:28 | Build | Stable |
| 24:30 | Build | Stable |
| 25:16 | Build | Monastery |
| 25:32 | Build | House |
| 25:34 | Build | House |
| 25:36 | Build | House |
| 26:47 | Create | Monk |
| 26:53 | Create | Knight |
| 27:12 | Research | Gold Mining |
| 27:13 | Research | Stone Mining |
| 27:22 | Build | University |
| 27:40 | Build | Siege Workshop |
| 27:42 | Build | Siege Workshop |
| 27:49 | Build | Farm |
| 28:19 | Create | Villager (Male) |
| 28:20 | Create | Villager (Male) |
| 28:20 | Create | Villager (Male) |
| 28:20 | Create | Villager (Male) |
| 28:20 | Create | Villager (Male) |
| 28:21 | Create | Villager (Male) |
| 28:28 | Research | Scale Barding Armor |
| 28:56 | Create | Magyar Huszar |
| 28:56 | Create | Magyar Huszar |
| 28:56 | Create | Magyar Huszar |
| 28:56 | Create | Magyar Huszar |
| 28:57 | Create | Magyar Huszar |
| 29:10 | Build | Town Center |
| 29:32 | Create | Mangonel |
| 29:32 | Create | Mangonel |
| 30:27 | Create | Villager (Male) |
| 30:27 | Create | Villager (Male) |
| 30:27 | Create | Villager (Male) |
| 30:28 | Create | Villager (Male) |
| 30:28 | Create | Villager (Male) |
| 30:57 | Build | Lumber Camp |
| 31:06 | Create | Villager (Male) |
Match timeline
| 6:11 | xFabio · wall_segment Palisade Wall x10 |
| 7:15 | mixu · wall_segment Palisade Wall x15 |
| 9:09 | mixu · wall_segment Palisade Wall x8 |
| 9:19 | Carpinchito Matero · wall_segment Palisade Wall x8 |
| 9:35 | xFabio · first_building Barracks |
| 10:02 | Carpinchito Matero · wall_segment Palisade Wall x1 |
| 10:37 | mixu · age_up feudal |
| 11:02 | Fenrir · first_building Dock |
| 11:13 | Carpinchito Matero · wall_segment Palisade Wall x7 |
| 11:14 | Fenrir · age_up feudal |
| 11:15 | Vault Siddy · first_building Barracks |
| 11:33 | Vault Siddy · age_up feudal |
| 11:45 | Carpinchito Matero · first_building Barracks |
| 11:46 | Vault Siddy · wall_segment Stone Wall x3 |
| 11:51 | Carpinchito Matero · wall_segment Palisade Wall x6 |
| 11:55 | Vault Siddy · wall_segment Stone Wall x2 |
| 12:03 | Vault Siddy · wall_segment Stone Wall x6 |
| 12:07 | Vault Siddy · wall_segment Stone Wall x7 |
| 12:13 | timbery.racing1 · wall_segment Palisade Wall x6 |
| 12:31 | timbery.racing1 · wall_segment Palisade Wall x10 |
| 12:37 | Vault Siddy · wall_segment Stone Wall x1 |
| 12:48 | Carpinchito Matero · wall_segment Palisade Wall x11 |
| 13:54 | timbery.racing1 · age_up feudal |
| 14:06 | Carpinchito Matero · age_up feudal |
| 14:07 | Carpinchito Matero · wall_segment Palisade Wall x1 |
| 14:15 | mixu · first_building Barracks |
| 14:22 | xFabio · wall_segment Palisade Wall x2 |
| 14:29 | Carpinchito Matero · first_building Stable |
| 14:49 | timbery.racing1 · first_building Barracks |
| 14:56 | xFabio · age_up feudal |
| 14:59 | Vault Siddy · first_building Stable |
| 15:14 | timbery.racing1 · first_building Dock |
| 15:29 | timbery.racing1 · first_building Archery Range |
| 15:43 | Vault Siddy · first_building Dock |
| 16:00 | timbery.racing1 · first_building Stable |
| 16:13 | xFabio · first_building Archery Range |
| 17:20 | Carpinchito Matero · wall_segment Stone Wall x9 |
| 18:09 | Carpinchito Matero · wall_segment Stone Wall x10 |
| 18:54 | Vault Siddy · first_building Archery Range |
| 20:18 | Carpinchito Matero · first_building Dock |
| 20:47 | mixu · first_market_buy 100 food |
| 21:27 | xFabio · first_market_buy 100 wood |
| 21:46 | xFabio · first_market_sell 100 food |
| 23:10 | Carpinchito Matero · age_up castle |
| 23:48 | mixu · age_up castle |
| 23:56 | Fenrir · tribute_sent a jugador 1 |
| 23:56 | Fenrir · tribute_sent a jugador 2 |
| 23:56 | Fenrir · tribute_sent a jugador 3 |
| 23:56 | Fenrir · tribute_sent a jugador 5 |
| 23:56 | Fenrir · tribute_sent a jugador 6 |
| 24:08 | mixu · first_building Castle |
| 24:28 | mixu · first_building Stable |
| 24:33 | Vault Siddy · age_up castle |
| 24:34 | timbery.racing1 · wall_segment Stone Wall x18 |
| 24:42 | Fenrir · age_up castle |
| 24:59 | xFabio · first_building Dock |
| 25:09 | timbery.racing1 · wall_segment Stone Wall x7 |
| 25:16 | mixu · first_building Monastery |
| 25:39 | Fenrir · first_building Barracks |
| 26:37 | timbery.racing1 · wall_segment Stone Wall x2 |
| 26:50 | timbery.racing1 · wall_segment Stone Wall x7 |
| 26:51 | timbery.racing1 · age_up castle |
| 27:20 | xFabio · age_up castle |
| 27:32 | Fenrir · first_building Stable |
| 27:40 | mixu · first_building Siege Workshop |
| 27:42 | Carpinchito Matero · first_building Castle |
| 28:26 | timbery.racing1 · wall_segment Stone Wall x1 |
| 28:34 | xFabio · first_building Siege Workshop |
| 30:04 | timbery.racing1 · first_building Monastery |
| 30:10 | Carpinchito Matero · first_building Monastery |
| 30:26 | Vault Siddy · first_market_sell 100 food |
| 30:41 | Fenrir · first_building Monastery |
| 30:44 | Vault Siddy · first_market_buy 100 wood |
| 31:25 | mixu · first_market_sell 100 wood |
| 31:32 | Vault Siddy · first_building Castle |
| 31:38 | xFabio · first_building Castle |
| 31:59 | Fenrir · tribute_sent a jugador 1 |
| 31:59 | Fenrir · tribute_sent a jugador 2 |
| 31:59 | Fenrir · tribute_sent a jugador 3 |
| 31:59 | Fenrir · tribute_sent a jugador 5 |
| 31:59 | Fenrir · tribute_sent a jugador 6 |
| 32:20 | Vault Siddy · first_building Monastery |
| 32:55 | Carpinchito Matero · first_building Siege Workshop |
| 34:20 | timbery.racing1 · first_building Castle |
| 34:42 | mixu · age_up imperial |
| 36:35 | Carpinchito Matero · age_up imperial |
| 36:53 | timbery.racing1 · first_market_sell 100 wood |
| 36:58 | Vault Siddy · age_up imperial |
| 37:08 | Fenrir · first_building Castle |
| 37:31 | Fenrir · age_up imperial |
| 38:48 | Fenrir · tribute_sent a jugador 1 |
| 38:48 | Fenrir · tribute_sent a jugador 2 |
| 38:48 | Fenrir · tribute_sent a jugador 3 |
| 38:48 | Fenrir · tribute_sent a jugador 5 |
| 38:48 | Fenrir · tribute_sent a jugador 6 |
| 39:35 | Fenrir · tribute_sent a jugador 1 |
| 39:35 | Fenrir · tribute_sent a jugador 2 |
| 39:35 | Fenrir · tribute_sent a jugador 3 |
| 39:35 | Fenrir · tribute_sent a jugador 5 |
| 39:35 | Fenrir · tribute_sent a jugador 6 |
| 39:45 | timbery.racing1 · age_up imperial |
| 41:15 | xFabio · first_building Monastery |
| 42:02 | Vault Siddy · wall_segment Stone Wall x11 |
| 42:45 | xFabio · age_up imperial |
| 47:26 | Fenrir · first_market_buy 100 stone |
| 48:32 | xFabio · wall_segment Stone Wall x13 |
| 52:21 | xFabio · wall_segment Stone Wall x1 |
| 52:26 | xFabio · wall_segment Stone Wall x1 |
| 52:31 | xFabio · wall_segment Stone Wall x1 |
| 52:36 | xFabio · wall_segment Stone Wall x1 |
| 54:41 | mixu · resign |
[ AI ANALYSIS · 1 CREDIT ]
What really happened in this match?
Wolo.gg analyzes every decision: build order, eco, micro, common mistakes by bracket. Personalized analysis on WhatsApp or Discord in 30 seconds.
Civ guide
Slavs
Map guide
Highland
Perfil
Jugador #3350932